 Dungeon Crawl Stone Soup version 0.23-a0-393-g6e9e0f2 (webtiles) character file.

1287 MisterFreud the Covert (level 8, -1/43 HPs)
             Began as a Kobold Artificer on Oct 31, 2018.
             Was a Follower of Uskayaw.
             Slain by a killer bee (2 damage)
             ... on level 5 of the Dungeon.
             The game lasted 00:21:16 (7789 turns).

MisterFreud the Covert (Kobold Artificer)           Turns: 7789, Time: 00:21:17

Health: -1/43      AC:  4    Str: 10    XL:     8   Next: 85%
Magic:  11/11      EV: 18    Int: 12    God:    Uskayaw [*.....]
Gold:   27         SH:  0    Dex: 17    Spells: 7/7 levels left

rFire    . . .     SeeInvis .   a - +2 short sword
rCold    . . .     Gourm    .   (shield restricted)
rNeg     . . .     Faith    +   g - +0 leather armour
rPois    .         Spirit   .   (no helmet)
rElec    .         Reflect  .   (no cloak)
rCorr    .         Harm     .   (no gloves)
MR       .....                  n - +0 pair of boots
Stlth    +++++.....             r - amulet of faith
HPRegen  0.14/turn              D - ring of stealth
MPRegen  0.12/turn              (no ring)

@: lethally poisoned (-1 -> -14), hasted, very quick
A: small, carnivore
a: Stomp, Renounce Religion


You were on level 5 of the Dungeon.
You worshipped Uskayaw.
Uskayaw was noncommittal.
You were very full.

You visited 2 branches of the dungeon, and saw 8 of its levels.

You collected 187 gold pieces.
You spent 160 gold pieces at shops.

Inventory:

Hand Weapons
 a - a +2 short sword (weapon)
 b - a +0 hunting sling
Missiles
 i - 220 stones (quivered)
 l - 13 tomahawks
 t - 34 sling bullets
 z - 13 arrows
 C - 14 poisoned needles
Armour
 g - a +0 leather armour (worn)
 n - a +0 pair of boots (worn)
Jewellery
 k - an uncursed ring of flight
 r - an amulet of faith (around neck)
 D - a ring of stealth (left hand)
Wands
 c - a wand of flame (1)
 d - a wand of enslavement (13)
 e - a wand of random effects (23)
 p - a wand of polymorph (3)
 E - a wand of paralysis (9)
Scrolls
 j - 7 scrolls of remove curse
 o - a scroll of magic mapping {unknown}
 q - a scroll of identify
 s - a scroll of enchant weapon {unknown}
 v - a scroll of enchant armour {unknown}
 w - a scroll of teleportation
 x - a scroll of random uselessness {unknown}
 y - a scroll of fog {unknown}
 A - a scroll of fear {unknown}
Potions
 h - a potion of brilliance
 m - a potion of haste
Comestibles
 f - 9 rations


   Skills:
 - Level 1.1 Fighting
 + Level 7.9 Short Blades
 - Level 6.0 Dodging
 + Level 8.2 Stealth
 + Level 5.2 Evocations


You had 7 spell levels left.
You didn't know any spells.
Your spell library contained the following spells:

 Spells                   Type           Power        Failure   Level  Hunger
 Confusing Touch          Hex            #.....       41%         1    ##.....
 Confuse                  Hex            #.......     80%         3    ####...
 Gell's Gravitas          Tloc           #.........   80%         3    ####...
 Petrify                  Tmut/Erth      #.......     99%         4    #####..
 Metabolic Englaciation   Hex/Ice        #.........   100%        5    ######.
 Yara's Violent Unravell  Hex/Tmut       #.........   100%        5    ######.


Dungeon Overview and Level Annotations

Branches:
Dungeon (7/15)             Temple (1/1) D:6

Altars:
Ashenzari
Cheibriados
Fedhas
Nemelex Xobeh
Okawaru
Qazlal
Ru
Sif Muna
Uskayaw
Vehumet
Xom
Yredelemnul
The Shining One

Shops:
D:4 ?[   D:6 }

Annotations:
D:5 exclusion: downstairs


Innate Abilities, Weirdness & Mutations

You are small and have problems with some larger weapons.
You are carnivorous and can eat meat at any time.


Message History

The killer bee is severely wounded.
* * * LOW HITPOINT WARNING * * *
You feel sick.
The killer bee stings you but does no damage.
Okay, then.
Unknown command.
You hit the killer bee.
The killer bee is severely wounded.
* * * LOW HITPOINT WARNING * * *
You feel sick. The killer bee completely misses you.
Evoke which item? (* to show all) (? for menu, Esc to quit)
Aiming: Throw Flame
Press: ? - help, Shift-Dir - straight line, f/p - killer bee
Aim: a killer bee (severely wounded)
The puff of flame misses the killer bee.
* * * LOW HITPOINT WARNING * * *
You feel sick. The killer bee stings you.
* * * LOW HITPOINT WARNING * * *
The killer bee stings you.
You die...

#.....# #..........#######....
#.###.# #..........##.........
#.###'######..........##.#####.##
#.##.......#..........##.### #.#
...#.......#......##.......###.##
####.......####..###.......'.....
#.......# ##># #.......###...
#.......# #y# #.......# ####
#.......# #@# #####.### #.......#
#.# #.# ##.###### #.# #.# #.# #.#
#.# #.# #.# #.# #.# #####.# #.#
#####.# #.....# #.#### ......#
#.##### #....# #####.# #.#
##########.#.#


You could see a killer bee.

Vanquished Creatures
  Sigmund (D:2)
  A golden eye (D:5)
  A hungry ghost (D:7)
  A sky beast (D:7)
  A black bear (D:6)
  An ogre (D:7)
  A bullfrog (D:6)
  A scorpion (D:7)
  A wight (D:6)
  A howler monkey (D:7)
  A crimson imp (D:5)
  A bullfrog zombie (D:6)
  2 hounds
  Jessica (D:3)
  An iguana (D:6)
  3 worker ants
  6 adders
  A white imp (D:3)
  An ooze (D:3)
  2 dart slugs (D:1)
  3 leopard geckos
  2 giant cockroaches
  14 hobgoblins
  15 jackals
  5 kobolds (D:1)
  16 bats
  8 frilled lizards
  8 goblins
  14 rats
114 creatures vanquished.

Vanquished Creatures (collateral kills)
  2 hobgoblins (D:1)
  A kobold (D:2)
3 creatures vanquished.

Grand Total: 117 creatures vanquished

Notes
Turn   | Place    | Note
-------+----------+-------------------------------------------
     0 | D:1      | MisterFreud the Kobold Artificer began the quest for the
                  | Orb.
     0 | D:1      | Reached XP level 1. HP: 12/12 MP: 3/3
   392 | D:1      | Reached skill level 2 in Stealth
   428 | D:1      | Reached XP level 2. HP: 4/16 MP: 4/4
  1645 | D:1      | Reached XP level 3. HP: 20/20 MP: 5/5
  1669 | D:1      | Reached skill level 3 in Stealth
  2579 | D:1      | Reached XP level 4. HP: 25/25 MP: 6/6
  2929 | D:2      | Noticed Sigmund
  2932 | D:2      | Killed Sigmund
  2932 | D:2      | Reached skill level 5 in Short Blades
  2932 | D:2      | Reached skill level 5 in Stealth
  2932 | D:2      | Reached XP level 5. HP: 22/29 MP: 7/7
  2932 | D:2      | Reached XP level 6. HP: 26/34 MP: 8/8
  3127 | D:2      | Reached skill level 6 in Stealth
  3558 | D:3      | Found a basalt altar of Yredelemnul.
  3631 | D:3      | Found an iron altar of Okawaru.
  3813 | D:3      | Found a sacrificial altar of Ru.
  3923 | D:3      | Noticed Jessica
  3948 | D:3      | Killed Jessica
  4292 | D:3      | Noticed Grinder
  4308 | D:3      | Found a sparkling altar of Nemelex Xobeh.
  4309 | D:3      | Noticed Grinder
  4309 | D:3      | Grinder changed into Grinder the quasit
  4313 | D:3      | Noticed Grinder
  4313 | D:3      | Grinder the quasit changed into Grinder the white imp
  4319 | D:3      | Killed Grinder the white imp
  4897 | D:4      | Reached XP level 7. HP: 38/38 MP: 9/9
  5137 | D:4      | Found Maeleess's Gadget Boutique.
  5177 | D:4      | Found a blossoming altar of Fedhas.
  5189 | D:4      | Found Waxiuzxi's Magic Scroll Shoppe.
  5197 | D:4      | Bought a scroll of identify for 28 gold pieces
  5211 | D:4      | Found Qanefiotra's Antique Armour Shop.
  5296 | D:4      | Found a glowing golden altar of the Shining One.
  5434 | D:5      | Entered Level 5 of the Dungeon
  5835 | D:5      | Found a shattered altar of Ashenzari.
  6405 | D:5      | Noticed a hornet
  6405 | D:5      | a sky beast changed into a hornet
  6407 | D:5      | Noticed a golden eye
  6407 | D:5      | a hornet changed into a golden eye
  6437 | D:5      | Killed a golden eye
  6716 | D:6      | Found a shimmering altar of Xom.
  6788 | D:6      | Reached XP level 8. HP: 43/43 MP: 10/10
  6808 | D:6      | Found Moank's Gadget Shop.
  6814 | D:6      | Bought a wand of paralysis (10) for 132 gold pieces
  7038 | D:6      | Found a staircase to the Ecumenical Temple.
  7044 | Temple   | Entered the Ecumenical Temple
  7123 | Temple   | Became a worshipper of Uskayaw the Reveler
  7188 | D:6      | Reached * piety under Uskayaw
  7194 | D:6      | Reached ** piety under Uskayaw
  7204 | D:6      | Reached skill level 7 in Stealth
  7459 | D:6      | Reached *** piety under Uskayaw
  7714 | D:7      | Reached **** piety under Uskayaw
  7727 | D:7      | Reached skill level 8 in Stealth
  7739 | D:7      | Reached skill level 5 in Evocations
  7789 | D:5      | HP: 2/43 [poisoned by a killer bee]
  7789 | D:5      | Slain by a killer bee

Vault maps used:
D:1:      dpeg_arrival_morbid_curiosity, serial_bayou_pond_b, minmay_unequal
D:2:      kennysheep_big_flooded_room, first_ration, uniq_sigmund
D:3:      nemelex_xobeh_ov_fountains_minmay, nicolae_ru_path_of_blood,
          okawaru_ov_weapons_minmay, lemuel_crystal_altar, eino_tiny_chamber,
          uniq_jessica, uniq_grinder
D:4:      nicolae_tso_carved_into_rock, fedhas_altar_1, serial_shops,
          nicolae_shop_statue_plus, shop,
          nicolae_shop_temple_entry_statues_fountains
D:5:      ashenzari_altar_1
D:6:      minmay_temple_entry_enclosed_plants, serial_shops, shop,
          xom_teletrap_fun
D:7:      nicolae_overflow_crystal_walls, gammafunk_temple_overflow_statue
Temple:   nicolae_temple_figure_zero

Skill      XL: |  1  2  3  4  5  6  7  8 |
---------------+-------------------------+-----
Stealth        | 2 3 5 6 8 |  8.2
Short Blades   | 2 3 5 6 7 |  7.9
Dodging        | 3 6 |  6.0
Evocations     | 5 |  5.2
Fighting       | |  1.1

Action                   |  1- 3 |  4- 6 |  7- 9 || total
-------------------------+-------+-------+-------++-------
Melee: Short sword       |   150 |   224 |   189 ||   563
Evoke: Wand              |     8 |     6 |    14 ||    28
  Use: Scroll            |     1 |       |     7 ||     8
       Potion            |       |       |     5 ||     5
 Stab: Sleeping          |     3 |     9 |     6 ||    18
       Confused          |       |       |     1 ||     1
       Paralysed         |       |       |     2 ||     2
  Eat: Chunk             |    13 |     6 |     9 ||    28
Armor: Leather armour    |    31 |    38 |    28 ||    97
Dodge: Dodged            |   128 |   182 |   155 ||   465

Table legend:
 A = Non-vault XP
 B = Vault XP
 C = Vault XP percentage of total XP
 D = Non-vault monster count
 E = Vault monster count
 F = Vault count percentage of total count
                 A         B        C        D         E       F
            +---------+---------+-------+---------+---------+-------
      Total |    1538 |     301 |  16.4 |     103 |      14 |  12.0
            +---------+---------+-------+---------+---------+-------
        D:1 |      48 |      17 |  26.2 |      30 |       9 |  23.1
        D:2 |      61 |     237 |  79.5 |      25 |       3 |  10.7
        D:3 |     141 |      47 |  25.0 |      25 |       2 |   7.4
        D:4 |      24 |       0 |   0.0 |       6 |       0 |   0.0
        D:5 |     280 |       0 |   0.0 |       5 |       0 |   0.0
        D:6 |     401 |       0 |   0.0 |       6 |       0 |   0.0
        D:7 |     583 |       0 |   0.0 |       6 |       0 |   0.0
            +---------+---------+-------+---------+---------+-------
